AoeStats
← Apoillinaire

Coastal Forest

503229352Analyzed
2v2 RM · 2mo ago on Aug 30, 2026· 15m 12s· 4 players
Game mode
Random Map
Map size
Medium (4 player)
Population
200
Speed
Normal
Resources
Standard
Victory
Conquest
Starting age
Dark Age
Ending age
Imperial Age
RankedLock teamsTeams togetherTeam positionsShared explorationLock speedFull tech treeHidden civsTurbo modeCheats
Victory
Defeat
🇩🇪 Persians · Germany
1333
+15
🇩🇪 Vietnamese · Germany
1333
+15
vs
🇫🇷 Italians · France
1318
-15
🇫🇷 Franks · France
1297
-14
Arkanosis
7:09 Loom
9:48 Feudal Age
14:57 Wheelbarrow
Apoillinaire
6:45 Loom
9:30 Feudal Age
10:45 Double-Bit Axe
13:57 Fletching
Nico
8:09 Loom
10:47 Feudal Age
12:15 Double-Bit Axe
12:34 Fletching
14:16 Padded Archer Armor
Wombat UA>Ptn
8:55 Feudal Age
7:47 Loom
Connection lost

Rejoining the realm…

Still unreachable

The connection could not be restored.

Session expired

The server has moved on; the page needs a fresh start.